 Dungeon Crawl Stone Soup version 0.27.1-33-g824d729ab1 (webtiles) character file.

Game seed: 8136454877672450454

48 zeram the Caller (level 3, -8/31 HPs)
             Began as a Troll Summoner on Dec 19, 2021.
             Mangled by Terence (13 damage)
             ... on level 2 of the Dungeon.
             The game lasted 00:02:41 (872 turns).

zeram the Caller (Troll Summoner)                    Turns: 872, Time: 00:02:42

Health: -8/31      AC:  4    Str: 16    XL:     3   Next: 50%
Magic:  3/3        EV: 10    Int: 12    God:
Gold:   21         SH:  0    Dex: 10    Spells: 1/4 levels left

rFire    . . .     SeeInvis .   d - +1 mace
rCold    . . .     Faith    .   (no shield)
rNeg     . . .     Spirit   .   a - +0 robe
rPois    .         Reflect  .   (helmet restricted)
rElec    .         Harm     .   (no cloak)
rCorr    .         Rampage  .   (gloves unavailable)
Will     .....                  (boots unavailable)
Stlth    +.........             (no amulet)
HPRegen  1.10/turn              (no ring)
MPRegen  0.08/turn              (no ring)

@: no status effects
A: large, unfitting armour, claws 3, regeneration 1, shaggy fur 1, tough skin 1
a: no special abilities


You were on level 2 of the Dungeon.
You visited 1 branch of the dungeon, and saw 2 of its levels.

You collected 21 gold pieces.

Inventory:

Hand Weapons
 d - a +1 mace (weapon)
Missiles
 c - 119 stones (quivered)
Armour
 a - a +0 robe (worn)
Jewellery
 i - a +6 ring of intelligence


   Skills:
 + Level 1.1 Maces & Flails
 + Level 1.8 Dodging
 - Level 1.0 Stealth
 - Level 1.2 Spellcasting
 + Level 3.6 Summonings


You had one spell level left.
You knew the following spells:

 Your Spells              Type           Power      Damage    Failure   Level
a - Summon Small Mammal   Summ           36%        N/A       7%          1
b - Call Imp              Summ           9%         N/A       10%         2

Your spell library contained the following spells:

 Spells                   Type           Power      Damage    Failure   Level
 Call Canine Familiar     Summ           9%         N/A       21%         3
 Summon Guardian Golem    Hex/Summ       5%         N/A       38%         3
 Summon Lightning Spire   Summ/Air       5%         N/A       80%         4


Dungeon Overview and Level Annotations

Branches:
Dungeon (2/15)

Altars:

Shops:
D:1 [

Annotations:
D:2 Terence


Innate Abilities, Weirdness & Mutations

You are too large for most types of armour.
You have claws for hands.
Your natural rate of healing is unusually fast.
You are covered in fur. (AC +1)
You have tough skin. (AC +1)


Message History

You see here the felid corpse of Natasha.
Your crimson imp blinks!
There is a stone staircase leading up, spattered with blood here.
Terence hits you from afar with a +4 vampiric trident!
You climb upwards.
There is a stone staircase leading down here.
You start resting.
Your magical contamination has completely faded away.
You start resting.
HP restored.
You start resting.
Magic restored.
You aren't carrying any scrolls.
You aren't carrying any potions.
You climb downwards.
Level annotation: Terence
There is a stone staircase leading up, spattered with blood here.
Terence misses you.
You see here the felid corpse of Natasha.
Terence closely misses you.
Things that are here:
a +0 club; a kobold corpse You barely miss Terence.
Terence hits you with a +4 vampiric trident.
You hit Terence but do no damage.
Terence hits you with a +4 vampiric trident!
You thump Terence!
Terence is moderately wounded.
Terence hits you with a +4 vampiric trident!
Terence draws strength from your wounds!
Terence hits you with a +4 vampiric trident.
* * * LOW HITPOINT WARNING * * *
Terence draws strength from your wounds!
Terence hits you from afar with a +4 vampiric trident!
* * * LOW HITPOINT WARNING * * *
Terence draws strength from your wounds!
You see here the felid corpse of Natasha.
There is a stone staircase leading up here.
Terence hits you from afar with a +4 vampiric trident!
You die...

######## #########
.......# #...w)†<#
.....#.###.#####@#
#....5..# #.#
###5##### #@# #.#
#.# #5# #.# #..#
#.# ..... #.#
.......# #.#
.r......# ...
.........# ...
#.#..(....#


You could see Terence.

Vanquished Creatures
  Natasha (D:2)
  2 dart slugs (D:1)
  A ball python (D:1)
  3 bats (D:1)
  2 endoplasms (D:1)
  3 hobgoblins (D:1)
  A quokka (D:1)
  2 goblins (D:1)
  2 kobolds
  3 rats (D:1)
20 creatures vanquished.

Notes
Turn   | Place    | Note
-------+----------+-------------------------------------------
     0 | D:1      | zeram the Troll Summoner began the quest for the Orb.
     0 | D:1      | Reached XP level 1. HP: 16/16 MP: 1/1
    13 | D:1      | Reached skill level 3 in Summonings
   233 | D:1      | Reached XP level 2. HP: 24/24 MP: 2/2
   436 | D:1      | Found Wechabo's Antique Armour Shoppe.
   710 | D:2      | Noticed Natasha
   714 | D:2      | Noticed a crimson imp
   716 | D:2      | Noticed a crimson imp
   721 | D:2      | Noticed a crimson imp
   791 | D:2      | Killed Natasha
   792 | D:2      | Reached skill level 1 in Maces & Flails
   792 | D:2      | Reached XP level 3. HP: 23/31 MP: 3/3
   795 | D:2      | Learned a level 2 spell: Call Imp
   811 | D:2      | Noticed Terence
   868 | D:2      | HP: 1/31 [Terence (8)]
   872 | D:2      | Mangled by Terence

Illustrated notes

Levels and vault maps discovered:
D:1:      dpeg_arrival_morbid_curiosity, layout_rooms, serial_shops, shop,
          hangedman_decor_peaks_small, amcnicky_mini_pool_small,
          minmay_hedge_maze, minivault_11
D:2:      layout_loops_ring, shapermc_ecumenical_altar_mp_highgroup,
          minmay_misc_feat_room, uniq_natasha, uniq_terence

Skill      XL: |  1  2 |
---------------+-------+-----
Summonings     | 3 |  3.6
Maces & Flails | 1 |  1.1
Dodging        | |  1.8
Stealth        | |  1.0
Spellcasting   | |  1.2

Action                   || total
-------------------------++-------
Melee: Unarmed           ||    18
       Mace              ||    58
 Cast: Summon Small Mamm ||     1
       Call Imp          ||     1
  Use: Potion            ||     4
       Scroll            ||     2
 Stab: Sleeping          ||     2
Armor: Robe              ||    36
Dodge: Dodged            ||    37
